 Dungeon Crawl Stone Soup version 0.31-a0-175-g9f7f995f2b (webtiles) character file.

Game seed: 14867311077778456318

11 qw the Shield-Bearer (level 2, -2/19 HPs)
             Began as a Gargoyle Fighter on June 17, 2023.
             Slain by a gnoll
             ... wielding a +2 flail of protection
              (5 damage)
             ... on level 1 of the Dungeon.
             The game lasted 00:00:11 (292 turns).

qw the Shield-Bearer (Gargoyle Fighter)              Turns: 292, Time: 00:00:11

Health: -2/19      AC:  9    Str: 19    XL:     2   Next: 29%
Magic:  2/2        EV:  9    Int:  8    God:
Gold:   56         SH:  4    Dex:  9    Spells: 1/1 levels left

rFire   . . .        a - +0 war axe
rCold   . . .        c - +0 buckler
rNeg    + . .        b - +0 scale mail
rPois   inf          (no helmet)
rElec   +            (no cloak)
rCorr   .            (no gloves)
SInv    .            (no boots)
Will    .....        (no amulet) Stlth
                     (no ring)
HPRegen 0.23/turn    (no ring)
MPRegen 0.08/turn

%: no passive effects
@: no status effects
A: sickness immunity, AC +2, negative energy resistance 1, electricity
resistance, torment resistance 1, petrification resistance
a: no special abilities


You were on level 1 of the Dungeon.
You visited 1 branch of the dungeon, and saw 1 of its levels.

You collected 56 gold pieces.


Innate Abilities, Weirdness & Mutations

You are immune to sickness and miasma.
Your stone body is resilient. (AC +2)
You are immune to poison.
You resist negative energy. (rN+)
You are resistant to electric shocks. (rElec)
You are resistant to unholy torment.
You are immune to petrification.


   Skills:
 - Level 3.2 Fighting
 + Level 2.6 Axes
 - Level 3.2 Armour
 - Level 3.2 Shields


You had one spell level left.
You didn't know any spells.
Your spell library was empty.

Inventory:

Hand Weapons
 a - a +0 war axe (weapon)
 f - a +0 mace
Armour
 b - a +0 scale mail (worn)
 c - a +0 buckler (worn)
Scrolls
 e - 2 scrolls of identify {unknown}
Potions
 d - a potion of might

Dungeon Overview and Level Annotations

Branches:
Dungeon (1/15)

Altars:


Message History

You start resting.
HP restored.
Things that are here:
a +0 club; a goblin corpse A gnoll comes into view.
It is wielding a +2 flail of protection.
The gnoll shouts!
You hear an angry hiss.
You hear a bark!
You see here a scroll labelled MIFUOR RAAM.
Enter note:
Enter note:
Enter note: A frilled lizard comes into view.
The frilled lizard hisses angrily.
You closely miss the gnoll. You block the gnoll's attack.
You hit the gnoll.
The gnoll is heavily wounded.
The gnoll completely misses you. The gnoll hits you but does no damage.
The frilled lizard barely misses you.
You hit the gnoll.
The gnoll is severely wounded.
You closely miss the frilled lizard. You block the frilled lizard's attack.
The gnoll hits you with a +2 flail of protection.
You hit the gnoll.
The gnoll is severely wounded.
You miss the frilled lizard. The frilled lizard closely misses you.
The gnoll hits you with a +2 flail of protection.
The frilled lizard barely misses you. You block the gnoll's attack.
You closely miss the gnoll.
The gnoll is severely wounded.
You barely miss the frilled lizard. The frilled lizard barely misses you.
The gnoll hits you with a +2 flail of protection!
You hit the gnoll.
The gnoll is almost dead.
You barely miss the frilled lizard. The frilled lizard bites you.
The gnoll hits you with a +2 flail of protection.
You die...

#........ #.......#
########. #.......# #.
#.......# #. #.......#
#####. #.......# ..
#..... #.......# ...
#..... #.....gl# #...
#..... #......@####....
#..... #......).........
#.....
#....###.........##.....
#....###................
#.......................
#...............###.....
........##+###...##.....
...............#.###....
...............#.# #.###


You could see a gnoll and a frilled lizard.

Vanquished Creatures
  A bat (D:1)
  A giant cockroach (D:1)
  4 jackals (D:1)
  A quokka (D:1)
  2 goblins (D:1)
9 creatures vanquished.

Notes
Turn   | Place    | Note
-------+----------+-------------------------------------------
     0 | D:1      | qw the Gargoyle Fighter began the quest for the Orb.
     0 | D:1      | Reached XP level 1. HP: 14/14 MP: 1/1
     0 | D:1      | 0 ||| qw: Version: 0.3-a-2-g5ab2908
     0 | D:1      | 0 ||| qw: Game counter: 133
     0 | D:1      | 0 ||| qw: Always use a shield: true
     0 | D:1      | 0 ||| qw: God list: Okawaru
     0 | D:1      | 0 ||| qw: Allow faded altars: false
     0 | D:1      | 0 ||| qw: Do Orc after D:15 true
     0 | D:1      | 0 ||| qw: Do second Lair branch before Depths: true
     0 | D:1      | 0 ||| qw: Lair rune preference: random
     0 | D:1      | 0 ||| qw: Plans: Normal, Zot:1-4, Slime:5, God:TSO, Crypt,
                  | Tomb, Abyss, Pan, Hells, Win
     0 | D:1      | 0 ||| PLANNING D:1-11
   103 | D:1      | 103 ||| DROPPING +0 whip.
   250 | D:1      | Reached XP level 2. HP: 19/19 MP: 2/2
   291 | D:1      | HP: 4/19 [gnoll/+2 flail of protection (7)]
   292 | D:1      | Slain by a gnoll

Levels and vault maps discovered:
D:1:      dpeg_arrival_lava_temple_mockup, layout_basic

Skill      XL: |  1 |
---------------+----+-----
Axes           | 2 |  2.6
Fighting       | |  3.2
Armour         | |  3.2
Shields        | |  3.2

Action                     || total
---------------------------++-------
  Melee: War axe           ||    39
 Armour: Scale mail        ||    20
  Dodge: Dodged            ||    22
  Block: Buckler           ||     9

Table legend:
 A = Non-vault XP
 B = Vault XP
 C = Vault XP percentage of total XP
 D = Non-vault monster count
 E = Vault monster count
 F = Vault count percentage of total count
                 A         B        C        D         E       F
            +---------+---------+-------+---------+---------+-------
      Total |      17 |       0 |   0.0 |       9 |       0 |   0.0
            +---------+---------+-------+---------+---------+-------
        D:1 |      17 |       0 |   0.0 |       9 |       0 |   0.0
            +---------+---------+-------+---------+---------+-------
